 Dungeon Crawl Stone Soup version 0.30-a0-989-g0d87f670db (webtiles) character file.

Game seed: 1235874451480942180

14 112233 the Insei (level 2, -1/21 HPs)
             Began as a Demonspawn Transmuter on Apr 4, 2023.
             Slain by a quokka (4 damage)
             ... on level 1 of the Dungeon.
             The game lasted 00:00:28 (266 turns).

112233 the Insei (Demonspawn Transmuter)             Turns: 266, Time: 00:00:28

Health: -1/21      AC:  2    Str: 10    XL:     2   Next: 31%
Magic:  4/5        EV: 12    Int: 14    God:
Gold:   17         SH:  0    Dex: 13    Spells: 4/5 levels left

rFire   . . .      SeeInvis .      - Unarmed
rCold   . . .      Faith    .    (no shield)
rNeg    . . .      Spirit   .    a - +0 robe
rPois   .          Reflect  .    (helmet currently unavailable)
rElec   .          Rampage  .    (no cloak)
rCorr   .                        (no gloves)
Will    .....                    (boots currently unavailable)
Stlth   +                        (no amulet)
HPRegen 0.23/turn                (no ring)
MPRegen 0.09/turn                (no ring)

@: appendages (expiring)
A: horns 2, talons 2, ignite blood 1
a: End Transformation


You were on level 1 of the Dungeon.
You had temporarily grown beastly horns and talons.
You visited 1 branch of the dungeon, and saw 1 of its levels.

You collected 17 gold pieces.

Inventory:

Armour
 a - a +0 robe (worn)
Scrolls
 d - a scroll of poison {unknown}
 e - 2 scrolls of identify {unknown}
 f - a scroll of magic mapping {unknown}
Potions
 b - a potion of lignification
 c - a potion of curing {unknown}


   Skills:
 + Level 1.3 Fighting
 + Level 2.0 Dodging
 + Level 2.8 Unarmed Combat
 + Level 2.1 Spellcasting
 + Level 2.0 Transmutations


You had 4 spell levels left.
You knew the following spells:

 Your Spells              Type           Power      Damage    Failure   Level
a - Beastly Appendage     Tmut           14%        N/A       11%         1

Your spell library contained the following spells:

 Spells                   Type           Power      Damage    Failure   Level
 Wereblood                Tmut           7%         N/A       16%         2
 Spider Form              Tmut/Pois      4%         N/A       43%         3
 Ice Form                 Ice/Tmut       4%         N/A       83%         4


Dungeon Overview and Level Annotations

Branches:
Dungeon (1/15)

Altars:


Innate Abilities, Weirdness & Mutations

You have temporarily grown beastly horns and talons.
Your demonic aura sometimes causes spilled blood to erupt in flames.


Message History

The quokka bites you.
There are monsters nearby!
You hit the quokka.
The quokka is moderately wounded.
The giant cockroach barely misses you. The quokka closely misses you.
Your magical contamination has completely faded away.
There are monsters nearby!
You closely miss the quokka.
The quokka is moderately wounded.
The giant cockroach misses you. The quokka bites you.
The giant cockroach bites you but does no damage.
There are monsters nearby!
There are monsters nearby!
Casting: Beastly Appendage (safe; 11% risk of failure)
Confirm with . or Enter, or press ? or * to list all spells.
You grow a pair of large bovine horns.
Your feet morph into talons.
The quokka bites you.
The giant cockroach bites you but does no damage.
The quokka closely misses you. The giant cockroach closely misses you.
The quokka bites you.
Unknown command.
You are too injured to fight recklessly!
Unknown command.
You are too injured to fight recklessly!
You are too injured to fight recklessly!
You are too injured to fight recklessly!
You closely miss the giant cockroach. The giant cockroach barely misses you.
The quokka barely misses you.
You hit the giant cockroach.
You kill the giant cockroach!
The quokka barely misses you.
Your transformation is almost over.
The quokka bites you.
You see here a giant cockroach corpse.
Unknown command.
The quokka bites you.
* * * LOW HITPOINT WARNING * * *
You see here a +0 dagger.
You closely miss the quokka. The quokka bites you.
You die...

..#≈P8PP8P≈#..
####≈P≈≈P≈##.. ######...#
...##≈##≈##..# .........#
....######...# #........#
..#...#......# #........#
#............###........#
#....#.#.#.#.#.........#
##..#..........#r........
#.†####.#.#.#.##@○.(.....
.....#.>†................
.....##.#.#.#.#.........#
.....#.........$.#.####.#
...).##.#.#.#.#..#..# #
.....#...........##.#
.....##.#.#.#.#..# ..
###.#######.....#####.
#.# ###........


You could see a quokka.

Vanquished Creatures
  An endoplasm (D:1)
  2 giant cockroaches (D:1)
  2 goblins (D:1)
  3 kobolds (D:1)
  A quokka (D:1)
  A bat (D:1)
  2 frilled lizards (D:1)
  2 rats (D:1)
14 creatures vanquished.

Vanquished Creatures (others)
  4 toadstools (D:1)
4 creatures vanquished.

Grand Total: 18 creatures vanquished

Notes
Turn   | Place    | Note
-------+----------+-------------------------------------------
     0 | D:1      | 112233 the Demonspawn Transmuter began the quest for the
                  | Orb.
     0 | D:1      | Reached XP level 1. HP: 15/15 MP: 3/3
   125 | D:1      | Gained mutation: Your demonic aura sometimes causes spilled
                  | blood to erupt in flames. [demonic ancestry]
   125 | D:1      | Reached XP level 2. HP: 8/21 MP: 3/5
   266 | D:1      | Slain by a quokka

Illustrated notes

Levels and vault maps discovered:
D:1:      ldierk_walled_garden_2, layout_rooms, serial_glass, glass_columns_a,
          glass_columns_c, st_stairs_9

Skill      XL: |  1  2 |
---------------+-------+-----
Transmutations | 2 |  2.0
Dodging        | 2 |  2.0
Fighting       | |  1.3
Unarmed Combat | |  2.8
Spellcasting   | |  2.1

Action                     || total
---------------------------++-------
  Melee: Unarmed           ||    41
         Headbutt          ||     3
         Kick              ||     5
         Punch             ||     2
   Cast: Beastly Appendage ||     7
 Armour: Robe              ||    13
  Dodge: Dodged            ||    33

Table legend: (Time is in decaauts)
 A = Elapsed time spent in this place.
 B = Non-inter-level travel time spent in this place.
 C = Inter-level travel time spent in this place.
 D = Time resting spent in this place.
 E = Time spent auto-exploring this place.
 F = Levels seen in this place.
 G = Mean time per level.
                   A        B        C        D        E       F      G
               +--------+--------+--------+--------+--------+-----+--------+
         Total |    264 |    264 |      0 |      0 |    156 |   1 |  264.0 |
       Dungeon |    264 |    264 |      0 |      0 |    156 |   1 |  264.0 |
               +--------+--------+--------+--------+--------+-----+--------+

Top non-repeatable levels by time:
     D:1: 264 daAuts
